 Dungeon Crawl Stone Soup version 0.18-a0-1575-g920359c (webtiles) character file.

773 namelastname112 the Martial Artist (level 7, -1/57 HPs)
             Began as a Pale Draconian Monk on Mar 16, 2016.
             Was a Follower of Ru.
             Slain by an orc warrior
             ... wielding a +0 glaive
              (20 damage)
             ... on level 6 of the Dungeon.
             The game lasted 00:07:58 (5725 turns).

namelastname112 the Martial Artist (DrMo)           Turns: 5725, Time: 00:07:59

Health: -1/57      AC:  9    Str: 13    XL:     7   Next: 53%
Magic:  7/7        EV: 13    Int:  8    God:    Ru [*.....]
Gold:   308        SH:  0    Dex: 15    Spells: 0 memorised, 6 levels left

rFire  . . .     SeeInvis .       - Unarmed
rCold  . . .     Gourm    .     (armour unavailable)
rNeg   . . .     Faith    .     (no shield)
rPois  .         Spirit   .     (helmet restricted)
rElec  .         Dismiss  .     q - +2 cloak {MR+}
rCorr  .         Reflect  .     (no gloves)
SustAt .         Harm     .     (no boots)
MR     +....                    (no amulet)
Stlth  +.........               k - ring of loudness (curse)
                                g - -3 ring of intelligence (curse)

@: somewhat resistant to hostile enchantments, very unstealthy
A: breathe steam, unfitting armour, cold-blooded, inexperienced 1, AC +6
a: Breathe Steam, Renounce Religion


You were on level 6 of the Dungeon.
You worshipped Ru.
Ru was aware of your devotion.
You were hungry.

You visited 2 branches of the dungeon, and saw 7 of its levels.

You collected 308 gold pieces.

Inventory:

Missiles
 s - 2 throwing nets (quivered)
Armour
 q - a +2 cloak of magic resistance (worn)
Jewellery
 g - a cursed -3 ring of intelligence (left hand)
 k - a cursed ring of loudness (right hand)
Scrolls
 b - 6 scrolls of teleportation {unknown}
 c - 5 scrolls of identify {unknown}
 d - 4 scrolls of magic mapping {unknown}
 e - a scroll of remove curse {unknown}
 f - 4 scrolls of recharging {unknown}
 h - 4 scrolls of random uselessness {unknown}
 i - a scroll of fear {unknown}
 l - a scroll of enchant armour {unknown}
 m - 3 scrolls of blinking {unknown}
 n - a scroll of noise {unknown}
 p - a scroll of amnesia {unknown}
 y - a scroll of enchant weapon {unknown}
 B - a scroll of holy word {unknown}
Potions
 j - a potion of might
 o - 3 potions of heal wounds {unknown}
 r - 2 potions of curing {unknown}
 t - 2 potions of agility {unknown}
 u - a potion of haste {unknown}
 v - 3 potions of magic {unknown}
 x - a potion of flight {unknown}
 A - a potion of cure mutation {unknown}
Comestibles
 a - 3 bread rations
 w - 3 beef jerkies
 z - 2 meat rations


   Skills:
 - Level 3.2 Fighting
 - Level 2.6 Dodging
 - Level 1.7 Stealth
 + Level 10.7 Unarmed Combat


You had 6 spell levels left.
You didn't know any spells.

Dungeon Overview and Level Annotations

Branches:
Dungeon (6/15)             Temple (1/1) D:4

Altars:
Ashenzari
Cheibriados
Dithmenos
Elyvilon
Gozag
Kikubaaqudgha
Makhleb
Nemelex Xobeh
Okawaru
Pakellas
Qazlal
Ru
Sif Muna
Trog
Vehumet
Xom
Yredelemnul
Zin
The Shining One

Shops:
D:6 (


Innate Abilities, Weirdness & Mutations

You can breathe blasts of scalding, opaque steam.
Your pale cyan-grey scales are hard (AC +6).
Your body does not fit into most forms of armour.
You are cold-blooded and may be slowed by cold attacks.
You are somewhat inexperienced (-2 XL).


Message History

The orc warrior is moderately wounded.
The orc wizard is engulfed in a cloud of scalding steam.
You kill the orc wizard!
You punch the orc warrior!
The orc warrior is severely wounded.
The orc warrior hits you with a glaive!!
You hit the orc warrior.
You punch the orc warrior, but do no damage.
The orc warrior is severely wounded.
The orc warrior hits you but does no damage.
You barely miss the orc warrior.
Your tail-slap misses the orc warrior.
Your punch misses the orc warrior.
The orc warrior is severely wounded.
The orc priest closely misses you.
You hit the orc warrior but do no damage.
The orc warrior is severely wounded.
You have got your breath back.
The orc wizard completely misses you.
The orc warrior hits you with a glaive!!
You die...

... ........... ..
..............# ..........#
..........# ..........# .#
..........# ..#
..........)...##..#
..($.$........ooo.....#
.........!......@...##.#
.......................#
.......................+#####
............................
...........).......#........
......................##..
....................#†##.###.#
#._..._.######.#.##....#...#.#
..............<..#####..(.....


You could see an orc warrior, an orc priest and an orc wizard.

Vanquished Creatures
  Purgy (D:3)
  2 ogres
  2 centaurs (D:5)
  A scorpion (D:4)
  A crimson imp (D:5)
  Crazy Yiuf (D:2)
  An orc priest (D:5)
  2 jellies (D:5)
  2 hounds
  3 orc wizards
  A giant frog skeleton (D:5)
  A gnoll shaman (D:5)
  Natasha (D:2)
  2 iguanas (D:4)
  2 worker ants (D:4)
  Robin (D:3)
  2 adders
  11 gnolls
  A shadow imp (D:5)
  An ooze (D:4)
  An adder zombie (D:1)
  5 worms
  2 dart slugs
  5 giant geckos
  15 orcs
  3 giant cockroaches
  16 goblins
  12 hobgoblins
  5 jackals
  2 quokkas (D:2)
  A ball python (D:1)
  6 bats
  A giant gecko zombie (D:1)
  8 giant newts
  7 kobolds
  5 rats
133 creatures vanquished.

Vanquished Creatures (others)
  A giant frog skeleton (D:5)
1 creature vanquished.

Grand Total: 134 creatures vanquished

Notes
Turn   | Place    | Note
--------------------------------------------------------------
     0 | D:1      | namelastname112 the Draconian Monk began the quest for the Orb.
     0 | D:1      | Reached XP level 1. HP: 19/19 MP: 1/1
   217 | D:1      | Reached XP level 2. HP: 15/26 MP: 2/2
  1024 | D:2      | Reached skill level 5 in Unarmed Combat
  1024 | D:2      | Reached XP level 3. HP: 31/31 MP: 3/3
  1245 | D:2      | Noticed Natasha
  1254 | D:2      | Killed Natasha
  1497 | D:2      | Noticed Crazy Yiuf
  1504 | D:2      | Killed Crazy Yiuf
  1504 | D:2      | Reached XP level 4. HP: 28/38 MP: 4/4
  1716 | D:2      | Reached skill level 6 in Unarmed Combat
  1893 | D:2      | Found an iron altar of Okawaru.
  2078 | D:3      | Reached XP level 5. HP: 45/45 MP: 5/5
  2322 | D:3      | Reached skill level 7 in Unarmed Combat
  2491 | D:3      | Noticed Robin
  2508 | D:3      | Killed Robin
  2611 | D:3      | Noticed Purgy
  2633 | D:3      | Killed Purgy
  2633 | D:3      | Reached XP level 6. HP: 38/51 MP: 6/6
  2738 | D:3      | Reached skill level 8 in Unarmed Combat
  3358 | D:4      | Your scales start taking on a pale cyan-grey colour.
  3358 | D:4      | Reached XP level 7. HP: 32/57 MP: 7/7
  3766 | D:4      | Reached skill level 9 in Unarmed Combat
  4160 | D:4      | Found a staircase to the Ecumenical Temple.
  4169 | Temple   | Entered the Ecumenical Temple
  4174 | Temple   | Became a worshipper of Ru the Awakened
  4182 | D:4      | Gained mutation: You are somewhat inexperienced (-2 XL). [Ru sacrifice]
  4182 | D:4      | Reached XP level 6. HP: 51/51 MP: 6/6
  4182 | D:4      | Reached XP level 5. HP: 45/45 MP: 5/5
  4182 | D:4      | Reached * piety under Ru
  4265 | D:5      | Entered Level 5 of the Dungeon
  4371 | D:5      | Found a stormy altar of Qazlal.
  4469 | D:5      | Reached XP level 6. HP: 29/51 MP: 6/6
  4807 | D:5      | Reached skill level 10 in Unarmed Combat
  4809 | D:5      | Reached XP level 7. HP: 38/57 MP: 7/7
  4976 | D:5      | Found a white marble altar of Elyvilon.
  5003 | D:5      | Found a snail-covered altar of Cheibriados.
  5391 | D:6      | Found Wocvuut's Weapon Emporium.
  5658 | D:6      | Found a bloodstained altar of Trog.
  5666 | D:6      | Found a radiant altar of Vehumet.
  5667 | D:6      | Found a basalt altar of Yredelemnul.
  5725 | D:6      | Slain by an orc warrior

Vault maps used:
D:1:      saegor_arrival_fortress
D:2:      okawaru_altar_gauntlet_db, grunt_decor_arrowhead, uniq_natasha,
          uniq_crazy_yiuf_cottage
D:3:      first_bread, uniq_robin, uniq_purgy
D:4:      lemuel_temple_firewalk_marked
D:5:      slow_altar_2, marbit_many_paths, kennysheep_mini_moat,
          minmay_misc_feat_secret_circle
D:6:      grunt_temple_overflow_open, serial_shops,
          nicolae_shop_window_shopping, shop_fountains,
          nicolae_shop_temple_entry_statues_fountains, minivault_11
Temple:   minmay_freezing_vapour_temple_12

Skill      XL: |  1  2  3  4  5  6  7 |
---------------+----------------------+-----
Unarmed Combat | 5 6 7 10 9 | 10.7
Fighting       | |  3.2
Dodging        | |  2.6
Stealth        | |  1.7

Action                   |  1- 3 |  4- 6 |  7- 9 || total
-------------------------+-------+-------+-------++-------
Melee: Unarmed           |   109 |   268 |    69 ||   446
Throw: Throwing net      |       |     1 |       ||     1
Invok: Sacrifice Experie |       |     1 |       ||     1
 Abil: Breathe Steam     |       |     2 |     3 ||     5
  Use: Potion            |     1 |       |       ||     1
 Stab: Sleeping          |     1 |       |       ||     1
  Eat: Chunk             |     1 |    10 |     3 ||    14
       Beef jerky        |       |       |     1 ||     1
